 Dungeon Crawl Stone Soup version 0.28-a0-474-g535839065c (webtiles) character file.

Game seed: 10001220044305752833

79 frimble the Sneak (level 4, -5/29 HPs)
             Began as an Octopode Warper on Sept 16, 2021.
             Slain by a black bear (7 damage)
             ... on level 4 of the Dungeon.
             The game lasted 00:02:48 (1842 turns).

frimble the Sneak (Octopode Warper)                 Turns: 1842, Time: 00:02:49

Health: -5/29      AC:  3    Str: 10    XL:     4   Next: 37%
Magic:  0/7        EV: 13    Int: 16    God:
Gold:   45         SH:  0    Dex: 11    Spells: 5/7 levels left

rFire   . . .      SeeInvis .   a - +1 short sword
rCold   . . .      Faith    .   (no shield)
rNeg    . . .      Spirit   .   o - +2 hat
rPois   .          Reflect  .   (no amulet)
rElec   .          Harm     .   (no ring)
rCorr   .          Rampage  .   (no ring)
Will    .....                   (no ring)
Stlth   +++.......              (no ring)
HPRegen 0.09/turn               (no ring)
MPRegen 0.10/turn               (no ring)
                                (no ring)
                                (no ring)

@: very slightly contaminated
A: almost no armour, amphibious, 8 rings, camouflage 1, gelatinous body 1,
(nimble swimmer 1), tentacles
a: no special abilities


You were on level 4 of the Dungeon.
You visited 1 branch of the dungeon, and saw 4 of its levels.

You collected 45 gold pieces.

Inventory:

Hand Weapons
 a - a +1 short sword (weapon)
 d - the +6 morningstar of Oozing Pus {vorpal, rPois SInv Stlth+}
   (You acquired it on level 1 of the Dungeon)

   It inflicts extra damage upon your enemies.
   rPois:     It protects you from poison.
   SInv:      It lets you see invisible.
   Stlth:     It makes you more stealthy.
Missiles
 c - 5 boomerangs of dispersal
 f - 8 poisoned darts (quivered)
 h - 5 boomerangs
Armour
 o - a +2 hat (worn)
Jewellery
 k - a ring of fire
Scrolls
 b - 3 scrolls of blinking
 e - a scroll of teleportation
 j - a scroll of vulnerability {unknown}
 l - a scroll of torment {unknown}
 m - a scroll of fear {unknown}
Potions
 g - 2 potions of berserk rage
 i - a potion of lignification
 p - a potion of curing {unknown}
 q - a potion of attraction {unknown}


   Skills:
 - Level 2.0 Fighting
 + Level 3.4 Short Blades
 + Level 1.1 Throwing
 - Level 2.3 Dodging
 - Level 3.6 Stealth
 - Level 2.0 Spellcasting
 - Level 3.0 Translocations


You had 5 spell levels left.
You knew the following spells:

 Your Spells              Type           Power      Damage    Failure   Level
a - Blink                 Tloc           N/A        N/A       9%          2

Your spell library contained the following spells:

 Spells                   Type           Power      Damage    Failure   Level
 Gell's Gravitas          Tloc           5%         N/A       19%         3
 Lesser Beckoning         Tloc           11%        N/A       19%         3
 Teleport Other           Tloc           11%        N/A       19%         3
 Ozocubu's Armour         Ice            1%         N/A       52%         3
 Manifold Assault         Tloc           11%        N/A       86%         5
 Metabolic Englaciation   Hex/Ice        0%         N/A       99%         5
 Simulacrum               Ice/Necr       0%         N/A       100%        6


Dungeon Overview and Level Annotations

Branches:
Dungeon (4/15)
 Temple: D:4-7

Altars:

Annotations:
D:3 exclusion: centaur


Innate Abilities, Weirdness & Mutations

You cannot wear most types of armour.
You are amphibious.
You can wear up to eight rings at the same time.
Your skin changes colour to match your surroundings (Stealth+).
Your rubbery body absorbs attacks. (AC +1, EV +1)
((You are camouflaged near water. (Stealth+)))
You have tentacles for arms and can constrict up to eight enemies at once.


Message History

You throw a poisoned dart. The poisoned dart hits the black bear.
The black bear looks even sicker.
Throw: 11 darts (poison)
Press: ? - help, Q - select action, (/) - cycle Shift-Dir - straight line, f/p - black bear
Aim: a black bear (lightly wounded, very poisoned, 64% to hit)
You throw a poisoned dart. The poisoned dart hits the black bear.
The black bear looks even sicker.
The black bear is lightly wounded.
Throw: 10 darts (poison)
Press: ? - help, Q - select action, (/) - cycle Shift-Dir - straight line, f/p - black bear
Aim: a black bear (lightly wounded, very poisoned, 64% to hit)
You throw a poisoned dart.
The poisoned dart closely misses the black bear.
Throw: 9 darts (poison)
Press: ? - help, Q - select action, (/) - cycle Shift-Dir - straight line, f/p - black bear
Aim: a black bear (lightly wounded, very poisoned, 64% to hit)
You throw a poisoned dart. The poisoned dart hits the black bear.
The black bear is lightly wounded.
The black bear bites you.
* * * LOW HITPOINT WARNING * * *
The black bear closely misses you. The black bear claws you.
* * * LOW HITPOINT WARNING * * *
Casting: Blink (safe; 9% risk of failure)
Confirm with . or Enter, or press ? or * to list all spells.
You blink.
The black bear closely misses you.
The black bear claws you but does no damage.
The black bear claws you.
* * * LOW HITPOINT WARNING * * *
Unknown command.
Casting: Blink (safe; 9% risk of failure)
Confirm with . or Enter, or press ? or * to list all spells.
You don't have enough magic to cast this spell.
Unknown command.
An orc comes into view. It is wielding a +0 dagger.
Casting: Blink (safe; 9% risk of failure)
Confirm with . or Enter, or press ? or * to list all spells.
You miscast Blink.
You are very lightly contaminated with residual magic.
Nothing appears to happen.
The black bear bites you!
You die...

#........#
+....o...#
#........#
#........#
#........#
#........#
#........#
#.....@..#
#....[h..#
#........#
#........#
+........#
#........#
#........#
#...(....#
#...(....#


You could see a black bear (very poisoned) and an orc (asleep).

Vanquished Creatures
  Natasha (D:3)
  An adder (D:3)
  A howler monkey skeleton (D:4)
  A worm (D:2)
  7 bats
  3 endoplasms
  3 giant cockroaches (D:1)
  A goblin (D:2)
  5 hobgoblins
  3 quokkas
  3 frilled lizards
  2 kobolds (D:1)
  2 rats
33 creatures vanquished.

Vanquished Creatures (others)
  2 plants (D:3)
2 creatures vanquished.

Grand Total: 35 creatures vanquished

Notes
Turn   | Place    | Note
-------+----------+-------------------------------------------
     0 | D:1      | frimble the Octopode Warper began the quest for the Orb.
     0 | D:1      | Reached XP level 1. HP: 14/14 MP: 3/3
   213 | D:1      | Reached skill level 1 in Stealth
   224 | D:1      | Reached XP level 2. HP: 13/19 MP: 5/5
   785 | D:1      | Identified a scroll of acquirement
   785 | D:1      | Acquired the +6 morningstar of Oozing Pus {vorpal, rPois
                  | SInv Stlth+}
   854 | D:2      | Reached XP level 3. HP: 20/24 MP: 6/6
  1210 | D:2      | Learned a level 2 spell: Blink
  1481 | D:3      | Noticed Natasha
  1589 | D:3      | Killed Natasha
  1590 | D:3      | Reached XP level 4. HP: 20/29 MP: 7/7
  1746 | D:3      | Noticed a centaur
  1829 | D:4      | Noticed a black bear
  1838 | D:4      | HP: 1/29 [black bear (3)]
  1842 | D:4      | Slain by a black bear

Illustrated notes

Levels and vault maps discovered:
D:1:      saegor_arrival_simple_e, layout_rooms, minmay_misc_feat_five
D:2:      layout_basic
D:3:      layout_basic, grunt_dithmenos_smoke_and_mirrors,
          chequers_ecumenical_altar_twisty, serial_bayou_pond_c,
          minmay_misc_feat_ornament, chequers_serial_rivers_marsh,
          serial_bayou_pond_a, uniq_sigmund, uniq_natasha, uniq_terence,
          uniq_ijyb
D:4:      layout_gridville, minmay_misc_feat_x

Skill      XL: |  1  2  3 |
---------------+----------+-----
Stealth        | 1 2 3 |  3.6
Short Blades   | 3 |  3.4
Fighting       | |  2.0
Throwing       | |  1.1
Dodging        | |  2.3
Spellcasting   | |  2.0
Translocations | |  3.0

Action                   |  1- 3 |  4- 6 || total
-------------------------+-------+-------++-------
Melee: Short sword       |    72 |     1 ||    73
       Constrict         |    15 |     1 ||    16
       Tentacles         |     9 |       ||     9
Throw: Dart              |     4 |     5 ||     9
 Cast: Blink             |       |     3 ||     3
  Use: Scroll            |     4 |     1 ||     5
 Stab: Sleeping          |     7 |     1 ||     8
Armor: Skin              |    10 |     1 ||    11
Dodge: Dodged            |    51 |     2 ||    53

Table legend: (Time is in decaauts)
 A = Elapsed time spent in this place.
 B = Non-inter-level travel time spent in this place.
 C = Inter-level travel time spent in this place.
 D = Time resting spent in this place.
 E = Time spent auto-exploring this place.
 F = Levels seen in this place.
 G = Mean time per level.
                   A        B        C        D        E       F      G
               +--------+--------+--------+--------+--------+-----+--------+
         Total |   1846 |   1812 |     34 |     85 |   1427 |   4 |  461.5 |
       Dungeon |   1846 |   1812 |     34 |     85 |   1427 |   4 |  461.5 |
               +--------+--------+--------+--------+--------+-----+--------+

Top non-repeatable levels by time:
     D:1: 789 daAuts
     D:2: 654 daAuts
     D:3: 320 daAuts
     D:4: 81 daAuts
